 Dungeon Crawl Stone Soup version 0.26-a0-49-g0e6732e0a6 (webtiles) character file.

Game seed: 11034356479308703850

9988 Hastur the Demolition Demonspawn (level 11, 0/92 HPs)
             Began as a Demonspawn Artificer on May 31, 2020.
             Was an Elder of Makhleb.
             Slain by an orc warrior
             ... wielding a +0 trident
              (15 damage)
             ... on level 10 of the Dungeon on June 4, 2020.
             The game lasted 00:58:00 (17760 turns).

Hastur the Demolition Demonspawn (DsAr)            Turns: 17760, Time: 00:58:01

Health: 0/92       AC: 11    Str: 15    XL:     11   Next: 30%
Magic:  20/20      EV: 16    Int: 19    God:    Makhleb [****..]
Gold:   1603       SH:  0    Dex: 14    Spells: 10/10 levels left

rFire    . . .     SeeInvis .   a - +0 dagger (venom)
rCold    + . .     Gourm    .   (no shield)
rNeg     . . .     Faith    .   p - +2 scale mail {rC+}
rPois    .         Spirit   .   x - +0 helmet
rElec    .         Reflect  .   (no cloak)
rCorr    .         Harm     .   i - +1 pair of gloves
MR       +....                  (no boots)
Stlth    +.........             (no amulet)
HPRegen  0.25/turn              D - ring of protection from magic
MPRegen  0.17/turn              K - +6 ring of intelligence

@: repel missiles
A: talons 1, repulsion field 3, demonic guardian 2
a: Minor Destruction, Lesser Servant of Makhleb, Major Destruction, Renounce
Religion


You were on level 10 of the Dungeon.
You worshipped Makhleb.
Makhleb was greatly pleased with you.
You were hungry.

You visited 1 branch of the dungeon, and saw 10 of its levels.

You collected 1603 gold pieces.

Inventory:

Hand Weapons
 a - a +0 dagger of venom (weapon)
 b - a +1 dagger of flaming
 z - the cursed +1 halberd of Makhleb's Supremacy {vorpal, rN+ Int+7 Dex+4}
   (You took it off an orc warrior on level 9 of the Dungeon)

   It inflicts extra damage upon your enemies.
   It affects your intelligence (+7).
   It affects your dexterity (+4).
   It protects you from negative energy.
   It has a curse placed upon it.
 C - a +0 short sword
 R - the +5 hand crossbow of an ossuary {freeze, Int+2}
   (You took it off an orc on level 9 of the Dungeon)

   It causes projectiles fired from it to freeze those they strike, causing
   extra injury to most foes and up to half again as much damage against
   particularly susceptible opponents.
   They can also slow down cold-blooded creatures.
   It affects your intelligence (+2).
Missiles
 g - 422 stones
 J - 36 poisoned darts (quivered)
 M - 4 throwing nets
 P - 7 curare-tipped darts
Armour
 h - a +0 kite shield
 i - a +1 pair of gloves (worn)
 p - a +2 scale mail of cold resistance (worn)
 x - a +0 helmet (worn)
 G - the +5 ring mail "Gisitrer" {Int+2, unknown}
   (You found it on level 9 of the Dungeon)

   It affects your intelligence (+2).
 V - the +8 plate armour "Qesalul" {rC- MR+ Dex+5}
   (You found it on level 9 of the Dungeon)

   It affects your dexterity (+5).
   It makes you vulnerable to cold.
   It affects your resistance to hostile enchantments.
Jewellery
 k - an uncursed ring of see invisible
 D - a ring of protection from magic (left hand)
 K - a +6 ring of intelligence (right hand)
Wands
 d - a wand of enslavement (17)
 e - a wand of random effects (29)
 o - a wand of clouds (6)
 y - a wand of disintegration (8)
 E - a wand of acid (13)
 Q - a wand of flame (7)
Scrolls
 c - a scroll of teleportation
 m - 3 scrolls of enchant armour
 n - a scroll of fog
 q - a scroll of blinking
 t - 2 scrolls of enchant weapon {unknown}
 u - 4 scrolls of remove curse
 w - 2 scrolls of amnesia
 B - a scroll of fear
 H - a scroll of torment {unknown}
 I - 2 scrolls of magic mapping {unknown}
 L - a scroll of silence
Potions
 j - 5 potions of curing
 l - 3 potions of mutation
 r - 2 potions of brilliance
 s - a potion of lignification
 v - a potion of stabbing
 A - 2 potions of heal wounds
 F - a potion of resistance
 N - 2 potions of flight
 S - a potion of might {unknown}
Comestibles
 f - 16 rations
 O - a chunk of flesh


   Skills:
 + Level 10.9 Fighting
 - Level 0.8 Short Blades
 - Level 5.6 Dodging
 - Level 3.0 Stealth
 + Level 12.1 Invocations
 + Level 8.7 Evocations


You had 10 spell levels left.
You didn't know any spells.
Your spell library contained the following spells:

 Spells                   Type           Power        Failure   Level  Hunger
 Animate Skeleton         Necr           N/A          65%         1    ##.....
 Apportation              Tloc           #.....       65%         1    ##.....
 Corona                   Hex            #......      65%         1    ##.....
 Magic Dart               Conj           #...         65%         1    ##.....
 Summon Butterflies       Summ           #.......     65%         1    ##.....
 Summon Small Mammal      Summ           #...         65%         1    ##.....
 Blink                    Tloc           N/A          78%         2    ###....
 Call Imp                 Summ           #.......     78%         2    ###....
 Slow                     Hex            #.......     78%         2    ###....
 Call Canine Familiar     Summ           #.......     95%         3    ####...
 Conjure Flame            Conj/Fire      #.......     95%         3    ####...
 Mephitic Cloud           Conj/Pois/Air  #.......     95%         3    ####...
 Static Discharge         Conj/Air       #.......     95%         3    ####...
 Summon Ice Beast         Ice/Summ       #.......     100%        4    #####..
 Lightning Bolt           Conj/Air       #.........   100%        5    ######.
 Summon Mana Viper        Hex/Summ       #.......     100%        5    ######.
 Summon Hydra             Summ           #.........   100%        7    #######
 Ignition                 Fire           #.........   100%        8    #######
 Shatter                  Erth           #.........   100%        9    #######
 Tornado                  Air            #.........   100%        9    #######


Dungeon Overview and Level Annotations

Branches:
Dungeon (10/15)            Temple (0/1) D:7             Orc (0/2) D:9
   Lair: D:8-11

Altars:
Ashenzari
Dithmenos
Hepliaklqana
Kikubaaqudgha
Makhleb
Nemelex Xobeh
Okawaru
Ru
Trog
Yredelemnul
Zin
The Shining One


Innate Abilities, Weirdness & Mutations

You have sharp toenails.
You are surrounded by a strong repulsion field. (EV +4, RMsl)
A demonic guardian rushes to your aid.


Message History

You hit the orc warrior but do no damage.
The orc warrior looks as sick as possible!
The orc warrior is moderately wounded.
The orc warrior hits you from afar with a +0 trident!
There is an open gate, spattered with blood here.
The orc warrior misses you.
You barely miss the orc warrior. Your kick misses the orc warrior.
The orc warrior is almost dead.
The orc warrior hits you with a +0 trident!
You hit the orc warrior but do no damage.
Your kick misses the orc warrior.
The orc warrior is almost dead.
The orc warrior hits you with a +0 trident!!
* * * LOW HITPOINT WARNING * * *
You hit the orc warrior but do no damage.
The orc warrior looks as sick as possible!
You claw the orc warrior, but do no damage.
The orc warrior is almost dead.
The orc warrior hits you with a +0 trident!
You die...

≈≈≈≈≈≈......#...#................
≈≈≈≈≈.......#####...........#####
≈≈≈≈≈.......................#...#
≈≈≈≈≈..).....>...#######....#...#
≈≈≈≈≈....####'#..# #....#...#
≈≈≈≈.....#....#..# #....#...#
≈≈≈≈.....#....#..# ...#....#.>.#
≈≈≈≈.....#....#..#.....#.(..'...#
≈≈≈≈....##....#.@#.....#..>.#...#
≈≈≈≈....#.....#.o#.....#....#...#
≈≈≈≈....#.....#..#.....#....#...#
≈≈≈.....+.....#..#.....#....#####
≈≈≈.....#.....#..'.....##........
≈≈≈.....#.....'..'......#........
≈≈≈.....#...^.#..').....#.#######
≈≈≈.....#.....#..#......#.# #
≈≈≈.....#.....#..#......#.# #


You could see an orc warrior (extremely poisoned).

Vanquished Creatures
  A death knight (D:9)
  An unseen horror (D:9)
  A freezing wraith (D:9)
  A komodo dragon (D:9)
  A slime creature (D:9)
  2 hippogriffs
  A wyvern (D:9)
  A yak (D:9)
  3 hungry ghosts (D:9)
  3 sky beasts
  A black bear (D:8)
  4 orc warriors
  5 ogres
  4 phantoms
  9 ice beasts
  3 centaurs
  A crocodile (D:9)
  6 big kobolds
  4 bullfrogs
  3 wyvern skeletons
  4 scorpions
  A killer bee (D:9)
  An electric eel (D:10)
  5 howler monkeys
  2 crimson imps
  3 centaur zombies (D:7)
  2 centaur skeletons
  4 hounds
  A bullfrog skeleton (D:9)
  A gnoll shaman (D:3)
  2 orc priests (D:5)
  10 orc wizards
  Ijyb (D:3)
  2 iguanas
  6 worker ants
  A killer bee zombie (D:7)
  An ogre zombie (D:9)
  A hound skeleton (D:9)
  Robin (D:3)
  4 gnolls
  A worker ant zombie (D:9)
  9 adders
  A shadow imp (D:7)
  3 adder skeletons
  3 worms
  2 dart slugs (D:1)
  8 leopard geckos
  35 orcs
  2 giant cockroaches
  10 goblins
  9 hobgoblins
  2 jackals (D:6)
  24 kobolds
  4 quokkas
  7 bats
  7 frilled lizards
  3 goblin zombies (D:9)
  A hobgoblin skeleton (D:9)
  A hobgoblin zombie (D:9)
  A leopard gecko skeleton (D:4)
  A leopard gecko zombie (D:6)
  9 orc zombies (D:9)
  2 quokka zombies
  4 rats
257 creatures vanquished.

Vanquished Creatures (collateral kills)
  Harold (D:10)
  Pikel (D:7)
  A cyclops (D:9)
  2 ugly things (D:9)
  A centaur skeleton (D:10)
  A troll (D:8)
  A hippogriff (D:8)
  A wraith (D:9)
  A yak (D:9)
  A wyvern (D:9)
  A two-headed ogre zombie (D:9)
  2 water moccasins
  An ice beast (D:10)
  3 ogres
  A black bear (D:9)
  A bullfrog (D:9)
  A scorpion (D:5)
  A troll zombie (D:9)
  An orc wizard (D:8)
  A bullfrog skeleton (D:9)
  4 ogre zombies (D:9)
  3 gnolls
  4 jackals (D:9)
  A quokka (D:9)
  A goblin skeleton (D:9)
  A hobgoblin zombie (D:9)
  2 kobolds
  2 orc skeletons (D:9)
  7 orc zombies (D:9)
49 creatures vanquished.

Vanquished Creatures (others)
  A slave (D:7)
  A hound (D:7)
  An orc wizard (D:7)
  A bullfrog skeleton (D:7)
  An iguana (D:7)
  An ogre zombie (D:9)
  A leopard gecko (D:7)
  2 orcs (D:7)
  A kobold (D:1)
  A butterfly (D:7)
11 creatures vanquished.

Grand Total: 317 creatures vanquished

Notes
Turn   | Place    | Note
-------+----------+-------------------------------------------
     0 | D:1      | Hastur the Demonspawn Artificer began the quest for the
                  | Orb.
     0 | D:1      | Reached XP level 1. HP: 15/15 MP: 3/3
    44 | D:1      | Reached skill level 1 in Stealth
   438 | D:1      | Gained mutation: You are surrounded by a mild repulsion
                  | field. (EV +2) [demonic ancestry]
   438 | D:1      | Reached XP level 2. HP: 21/21 MP: 4/4
  1397 | D:2      | Reached XP level 3. HP: 27/27 MP: 5/5
  2567 | D:2      | Reached XP level 4. HP: 19/34 MP: 6/6
  3110 | D:3      | Found an iron altar of Okawaru.
  3116 | D:3      | Noticed Ijyb
  3127 | D:3      | Noticed Robin
  3148 | D:3      | Killed Robin
  3185 | D:3      | Killed Ijyb
  3968 | D:3      | Reached XP level 5. HP: 27/40 MP: 8/8
  4371 | D:4      | Noticed an ogre
  4404 | D:4      | Killed an ogre
  4404 | D:4      | Gained mutation: You are surrounded by a moderate repulsion
                  | field. (EV +3) [demonic ancestry]
  4404 | D:4      | Reached XP level 6. HP: 12/48 MP: 9/9
  4718 | D:4      | Reached skill level 5 in Evocations
  4887 | D:4      | Found a burning altar of Makhleb.
  4888 | D:4      | Found a shattered altar of Ashenzari.
  4888 | D:4      | Found an ancient bone altar of Kikubaaqudgha.
  4896 | D:4      | Upgraded the game from 0.26-a0-40-gfe7b5d5a6f to
                  | 0.26-a0-43-g20b394cb32
  4898 | D:4      | Became a worshipper of Makhleb the Destroyer
  5094 | D:4      | Found a sacrificial altar of Ru.
  5479 | D:4      | Reached skill level 5 in Fighting
  5504 | D:4      | Found a sparkling altar of Nemelex Xobeh.
  5557 | D:5      | Entered Level 5 of the Dungeon
  5571 | D:5      | Noticed an ice beast
  5585 | D:5      | Killed an ice beast
  5585 | D:5      | Reached skill level 1 in Invocations
  5585 | D:5      | Gained mutation: A weak demonic guardian rushes to your
                  | aid. [demonic ancestry]
  5585 | D:5      | Reached XP level 7. HP: 56/56 MP: 10/10
  5618 | D:5      | Reached skill level 2 in Invocations
  5694 | D:5      | Noticed a hippogriff
  5718 | D:5      | Killed a hippogriff
  5718 | D:5      | Reached skill level 3 in Invocations
  6073 | D:5      | Reached skill level 4 in Invocations
  6561 | D:5      | Reached XP level 8. HP: 39/65 MP: 11/11
  6860 | D:5      | Reached skill level 5 in Invocations
  7322 | D:6      | Found a bloodstained altar of Trog.
  7865 | D:6      | Reached * piety under Makhleb
  8088 | D:5      | Reached skill level 6 in Invocations
  8733 | D:7      | Noticed Pikel
  8751 | D:7      | Killed Pikel
  8866 | D:7      | Reached skill level 7 in Invocations
  9090 | D:7      | Gained mutation: A demonic guardian rushes to your aid.
                  | [demonic ancestry]
  9090 | D:7      | Reached XP level 9. HP: 66/73 MP: 14/14
  9243 | D:7      | Reached ** piety under Makhleb
  9468 | D:7      | Found a glowing golden altar of the Shining One.
  9775 | D:7      | Found a staircase to the Ecumenical Temple.
  9867 | D:7      | Reached skill level 5 in Dodging
 10608 | D:8      | Reached skill level 8 in Invocations
 10609 | D:8      | Noticed a troll
 10622 | D:8      | Killed a troll
 11569 | D:8      | Reached skill level 9 in Invocations
 11835 | D:8      | Found a glowing silver altar of Zin.
 12430 | D:9      | Found a basalt altar of Yredelemnul.
 12502 | D:9      | Found a hazy altar of Hepliaklqana.
 12563 | D:9      | Found a shadowy altar of Dithmenos.
 12678 | D:9      | Gained mutation: You are surrounded by a strong repulsion
                  | field. (EV +4, RMsl) [demonic ancestry]
 12678 | D:9      | Reached XP level 10. HP: 69/83 MP: 17/17
 13170 | D:9      | Reached *** piety under Makhleb
 13170 | D:9      | Reached skill level 10 in Invocations
 13171 | D:9      | Upgraded the game from 0.26-a0-43-g20b394cb32 to
                  | 0.26-a0-49-g0e6732e0a6
 13205 | D:9      | Found a staircase to the Orcish Mines.
 14197 | D:9      | Noticed a red ugly thing
 14208 | D:9      | Killed a red ugly thing
 14459 | D:9      | Noticed a cyclops
 14468 | D:9      | Killed a cyclops
 14468 | D:9      | Reached skill level 10 in Fighting
 14700 | D:9      | Noticed a death knight
 14737 | D:9      | Killed a death knight
 14737 | D:9      | Reached skill level 11 in Invocations
 14828 | D:9      | Got a glimmering ring mail
 14855 | D:9      | Identified the +5 hand crossbow of an ossuary {freeze,
                  | Int+2}
 15053 | D:9      | Noticed a brown ugly thing
 15080 | D:9      | Killed an unseen horror
 15377 | D:9      | Killed a white ugly thing
 15377 | D:9      | Gained mutation: You have sharp toenails. [demonic
                  | ancestry]
 15377 | D:9      | Reached XP level 11. HP: 70/92 MP: 19/19
 15405 | D:9      | Identified the cursed +1 halberd of Makhleb's Supremacy
                  | {vorpal, rN+ Int+7 Dex+4}
 15880 | D:9      | Got a tiger eye-encrusted plate armour
 16038 | D:9      | Identified the +8 plate armour "Qesalul" {rC- MR+ Dex+5}
                  | (You found it on level 9 of the Dungeon)
 16154 | D:10     | Entered Level 10 of the Dungeon
 17267 | D:9      | Reached skill level 12 in Invocations
 17401 | D:10     | Noticed Harold
 17421 | D:10     | Killed Harold
 17687 | D:10     | Reached **** piety under Makhleb
 17760 | D:10     | Slain by an orc warrior

Illustrated notes

Levels and vault maps discovered:
D:1:      minmay_arrival_arboretum_large, layout_rooms, minivault_5
D:2:      layout_basic
D:3:      layout_loops_cross, okawaru_ov_weapons_minmay, uniq_ijyb, uniq_robin
D:4:      layout_loops_ring, grunt_temple_overflow_cloverleaf,
          lemuel_coloured_pillars_altar
D:5:      layout_gridville, first_ration
D:6:      layout_loops_corners, lightli_temple_of_fire
D:7:      layout_loops_cross, nicolae_overflow_hidden_temple,
          minmay_temple_entry_butterflies, dk_rats_in_the_wall, uniq_pikel
D:8:      layout_loops_ring, overflow_temple_1_default, blue_anna_alchemist
          [blue_anna_fruit_fields, blue_anna_fruit_fields], serial_park_tiny_2
D:9:      minmay_the_grid_square_5x5_4x4
          [minmay_the_grid_square_5x5_checkered_statues,
          minmay_the_grid_square_5x5_detours,
          minmay_the_grid_square_5x5_inner_v,
          minmay_the_grid_square_5x5_hourglass,
          minmay_the_grid_square_5x5_slash,
          minmay_the_grid_square_5x5_prize_deathbox,
          minmay_the_grid_square_5x5_prize_monsterx,
          minmay_the_grid_square_5x5_longway, minmay_the_grid_square_5x5_comb,
          minmay_the_grid_square_5x5_prize_rear_guard,
          minmay_the_grid_square_5x5_prize_gold, minmay_the_grid_square_5x5_z,
          minmay_the_grid_square_5x5_checkered_sparse,
          minmay_the_grid_square_5x5_minivault,
          minmay_the_grid_square_5x5_minibox,
          minmay_the_grid_square_5x5_tetrominoes], layout_gridville,
          kennysheep_mini_moat, yredelemnul_altar_generic,
          grunt_dithmenos_smoke_and_mirrors, zombieorc2_lemuel
D:10:     minmay_twisted_water, layout_irregular_city, uniq_harold

Skill      XL: |  1  2  3  4  5  6  7  8  9 10 11 |
---------------+----------------------------------+-----
Stealth        | 1 2 3 |  3.0
Fighting       | 2 3 5 6 7 9 10 | 10.9
Evocations     | 4 5 6 8 |  8.7
Invocations    | 1 4 7 9 11 12 | 12.1
Dodging        | 2 4 5 |  5.6
Short Blades   | |  0.8

Action                   |  1- 3 |  4- 6 |  7- 9 | 10-12 || total
-------------------------+-------+-------+-------+-------++-------
Melee: Dagger            |   212 |    63 |   716 |   599 ||  1590
       Short sword       |    11 |    93 |     8 |       ||   112
       Kick              |       |       |       |   100 ||   100
Throw: Stone             |    63 |    15 |       |       ||    78
       Dart              |       |       |     5 |       ||     5
Invok: Lesser Servant of |       |       |       |    12 ||    12
Evoke: Wand              |     6 |     6 |    10 |     9 ||    31
  Use: Potion            |     1 |       |       |       ||     1
       Scroll            |       |       |    16 |     2 ||    18
 Stab: Sleeping          |     2 |       |       |       ||     2
       Paralysed         |       |     3 |       |       ||     3
       Distracted        |       |       |       |     2 ||     2
  Eat: Chunk             |     4 |     7 |    13 |     6 ||    30
       Ration            |       |     1 |     3 |     4 ||     8
Armor: Leather armour    |    38 |       |       |       ||    38
       Scale mail        |     3 |    57 |   234 |   203 ||   497
Dodge: Dodged            |   120 |   105 |   492 |   460 ||  1177
       Repelled          |       |       |       |     5 ||     5

Table legend:
 A = Non-vault XP
 B = Vault XP
 C = Vault XP percentage of total XP
 D = Non-vault monster count
 E = Vault monster count
 F = Vault count percentage of total count
                 A         B        C        D         E       F
            +---------+---------+-------+---------+---------+-------
      Total |    7118 |    7151 |  50.1 |     218 |      89 |  29.0
            +---------+---------+-------+---------+---------+-------
        D:1 |      39 |       0 |   0.0 |      21 |       0 |   0.0
        D:2 |      84 |       0 |   0.0 |      23 |       0 |   0.0
        D:3 |     131 |      46 |  26.0 |      17 |       9 |  34.6
        D:4 |     399 |       0 |   0.0 |      13 |       0 |   0.0
        D:5 |    1037 |       0 |   0.0 |      20 |       0 |   0.0
        D:6 |     410 |       0 |   0.0 |      20 |       0 |   0.0
        D:7 |    1116 |     305 |  21.5 |      30 |       1 |   3.2
        D:8 |    1556 |     100 |   6.0 |      26 |       1 |   3.7
        D:9 |    1642 |    5847 |  78.1 |      28 |      74 |  72.5
       D:10 |     704 |     853 |  54.8 |      20 |       4 |  16.7
            +---------+---------+-------+---------+---------+-------
